 Dungeon Crawl Stone Soup version 0.26-a0-667-g92642533e4 (webtiles) character file.

Game seed: 7353483584717504729

826 nomicflux the Digger (level 7, -4/43 HPs)
             Began as a Gargoyle Earth Elementalist on Oct 16, 2020.
             Slain by a troll (11 damage)
             ... on level 5 of the Dungeon on Oct 17, 2020.
             The game lasted 00:18:19 (5201 turns).

nomicflux the Digger (Gargoyle Earth Elementalist)  Turns: 5201, Time: 00:18:19

Health: -4/43      AC: 10    Str: 11    XL:     7   Next: 96%
Magic:  13/13      EV: 12    Int: 18    God:
Gold:   117        SH:  0    Dex: 10    Spells: 5/14 levels left

rFire    . . .     SeeInvis .   u - +4 quarterstaff (chaos)
rCold    . . .     Faith    .   (shield currently unavailable)
rNeg     + . .     Spirit   .   c - +0 robe
rPois    ∞         Reflect  .   (no helmet)
rElec    +         Harm     .   v - +1 cloak
rCorr    .         Rampage  .   d - +0 pair of gloves (curse)
MR       .....                  (no boots)
Stlth    ++........             (no amulet)
HPRegen  0.14/turn              (no ring)
MPRegen  0.13/turn              (no ring)

@: no status effects
A: negative energy resistance 1, electricity resistance, unbreathing,
petrification resistance, rot immunity, AC +4
a: no special abilities


You were on level 5 of the Dungeon.
You visited 2 branches of the dungeon, and saw 6 of its levels.

You collected 248 gold pieces.
You spent 131 gold pieces at shops.

Inventory:

Hand Weapons
 h - a +0 hand axe
 m - a +0 whip
 u - a +4 quarterstaff of chaos (weapon)
Missiles
 b - 66 stones (quivered)
Armour
 a - a +0 pair of gloves
 c - a +0 robe (worn)
 d - a cursed +0 pair of gloves (worn)
 v - a +1 cloak (worn)
Wands
 e - a wand of polymorph (9)
Scrolls
 j - a scroll of amnesia
 l - a scroll of fog
 n - 2 scrolls of remove curse
 s - 2 scrolls of teleportation
Potions
 f - a potion of lignification
 g - a potion of haste
 i - a potion of resistance {unknown}
 k - a potion of mutation {unknown}
 o - 3 potions of heal wounds
 p - a potion of berserk rage
 q - a potion of ambrosia
 t - 2 potions of flight
 w - a potion of curing


   Skills:
 + Level 4.2 Fighting
 - Level 0.5(1.4) Maces & Flails
 + Level 2.1(2.2) Staves
 + Level 1.8 Armour
 + Level 2.7 Dodging
 - Level 2.1 Stealth
 + Level 4.0 Spellcasting
 + Level 2.6 Conjurations
   Level 0.7 Transmutations
 + Level 6.0 Earth Magic


You had 5 spell levels left.
You knew the following spells:

 Your Spells              Type           Power        Failure   Level
a - Sandblast             Erth           ####..       1%          1
b - Stone Arrow           Conj/Erth      ###...       8%          3
c - Lee's Rapid Deconstr  Erth           ####......   34%         5

Your spell library contained the following spells:

 Spells                   Type           Power        Failure   Level
 Passwall                 Tmut/Erth      ###.....     5%          2
 Petrify                  Tmut/Erth      ###.....     36%         4


Dungeon Overview and Level Annotations

Branches:
Dungeon (5/15)             Temple (1/1) D:5

Altars:
Ashenzari
Cheibriados
Elyvilon
Fedhas
Hepliaklqana
Kikubaaqudgha
Makhleb
Okawaru
Ru
Sif Muna
Trog
Wu Jian
Xom
Yredelemnul
Zin
The Shining One
Lugonu

Shops:
D:5 *

Annotations:
D:5 Pikel


Innate Abilities, Weirdness & Mutations

You are resistant to torment.
Your stone body is resilient. (AC +4)
You are immune to poison.
You resist negative energy. (rN+)
You are resistant to electric shocks. (rElec)
You can survive without breathing.
You are immune to petrification.
You are immune to rotting.


Message History

The bullfrog hits you but does no damage.
The bullfrog misses you. The bullfrog barely misses you.
The bullfrog barely misses you.
The bullfrog hits you but does no damage.
There is a staircase to the Ecumenical Temple here.
The bullfrog hits you. The bullfrog completely misses you.
The bullfrog hits you but does no damage.
The bullfrog hits you but does no damage.
The bullfrog hits you but does no damage.
The bullfrog closely misses you.
The bullfrog hits you but does no damage.
There is a stone staircase leading up here.
The bullfrog closely misses you. The troll bites you!
* * * LOW HITPOINT WARNING * * *
The troll claws you.
* * * LOW HITPOINT WARNING * * *
The troll claws you!
You die...

#.........####
#............#
#...........###
#..............
#######
##.........####
......##
##........##
.......#
#.#......##
.......###.###.TF##
........#.## ##.@#
..........# #..##
.........## ###...#
.........# #.....#
......#.## #####.#
##..##### ## ####


You could see a troll and a bullfrog.

Vanquished Creatures
  An eye of draining (shapeshifter) (D:5)
  A sky beast (D:5)
  A centaur (D:4)
  A bullfrog (D:2)
  3 orc priests
  Crazy Yiuf (D:3)
  A bullfrog skeleton (D:4)
  An iguana (D:5)
  4 orc wizards
  2 worker ants
  4 gnolls (D:5)
  3 adders
  An ufetubus (D:5)
  An adder skeleton (D:4)
  3 worms
  3 dart slugs
  A leopard gecko (D:2)
  17 orcs
  5 giant cockroaches (D:1)
  2 goblins
  6 hobgoblins
  6 jackals
  A quokka (D:3)
  2 ball pythons
  5 bats
  4 frilled lizards
  12 kobolds
  5 rats
97 creatures vanquished.

Notes
Turn   | Place    | Note
-------+----------+-------------------------------------------
     0 | D:1      | nomicflux the Gargoyle Earth Elementalist began the quest
                  | for the Orb.
     0 | D:1      | Reached XP level 1. HP: 10/10 MP: 3/3
   163 | D:1      | Reached XP level 2. HP: 16/16 MP: 0/5
   239 | D:1      | Reached skill level 1 in Fighting
   317 | D:1      | Reached skill level 4 in Earth Magic
   634 | D:1      | Reached XP level 3. HP: 20/20 MP: 3/6
  1205 | D:2      | Found a hazy altar of Hepliaklqana.
  1233 | D:2      | Learned a level 3 spell: Stone Arrow
  1427 | D:2      | Reached XP level 4. HP: 26/26 MP: 6/8
  1727 | D:2      | Noticed a bullfrog
  1736 | D:2      | Killed a bullfrog
  1736 | D:2      | Reached XP level 5. HP: 31/31 MP: 1/9
  1743 | D:2      | Learned a level 5 spell: Lee's Rapid Deconstruction
  1821 | D:3      | Found a broken altar of Ashenzari.
  2183 | D:3      | Reached skill level 5 in Earth Magic
  2294 | D:3      | Found a glowing golden altar of the Shining One.
  2473 | D:3      | Found a runed translucent door.
  2474 | D:3      | Noticed Crazy Yiuf
  2575 | D:3      | Found a blossoming altar of Fedhas.
  3048 | D:3      | Killed Crazy Yiuf
  3157 | D:4      | Reached XP level 6. HP: 36/37 MP: 11/11
  3324 | D:4      | Found a glowing silver altar of Zin.
  3324 | D:4      | Found a shimmering altar of Xom.
  3324 | D:4      | Noticed an angel
  3495 | D:4      | Reached skill level 1 in Armour
  3495 | D:4      | Reached skill level 1 in Conjurations
  3642 | D:4      | Reached skill level 1 in Staves
  3771 | D:4      | Reached XP level 7. HP: 33/41 MP: 6/12
  3861 | D:4      | Found a snail-covered altar of Cheibriados.
  4260 | D:5      | Entered Level 5 of the Dungeon
  4340 | D:5      | Found Velasouxt's Assorted Antiques.
  4343 | D:5      | Bought a scroll labeled LOOSHI RAARAUNK for 19 gold pieces
  4343 | D:5      | Bought a sedimented golden potion for 17 gold pieces
  4343 | D:5      | Bought a scroll labeled PASTIG YDUECSYP for 19 gold pieces
  4343 | D:5      | Bought a scroll of identify for 38 gold pieces
  4343 | D:5      | Bought a scroll of identify for 38 gold pieces
  4409 | D:5      | Found an ornate altar of the Wu Jian Council.
  4409 | D:5      | Found a white marble altar of Elyvilon.
  4414 | D:5      | Found a faded altar of an unknown god.
  4416 | D:5      | Found a faded altar of an unknown god.
  4418 | D:5      | Found a bloodstained altar of Trog.
  4468 | D:5      | Noticed Pikel
  4549 | D:5      | Noticed a shapeshifter
  4549 | D:5      | a scorpion changed into a shapeshifter
  4549 | D:5      | a shapeshifter changed into an eye of draining
  4684 | D:5      | Found a staircase to the Ecumenical Temple.
  4696 | Temple   | Entered the Ecumenical Temple
  4876 | D:5      | Reached skill level 6 in Earth Magic
  5148 | D:5      | Noticed a troll
  5173 | D:5      | HP: 1/43 [bullfrog (5)]
  5201 | D:5      | Slain by a troll

Illustrated notes

Levels and vault maps discovered:
D:1:      lightli_iron_boxes, layout_loops_ring, minmay_close_crescents
D:2:      layout_basic, lemuel_crystal_altar
D:3:      layout_loops_corners, fedhas_altar_fruit_tree, tso_metal_star,
          evilmike_ruin_ashenzari, uniq_crazy_yiuf_cottage
D:4:      layout_basic, grunt_temple_overflow_order_and_chaos_1,
          kennysheep_slug_shrine
D:5:      layout_cave_pods, chequers_temple_overflow_minitemple,
          minmay_temple_entry_butterflies, basic_altar, serial_shops,
          nicolae_shop_behind_doors, nicolae_ru_awakened_eye, uniq_pikel,
          uniq_menkaure, uniq_sigmund
Temple:   corrupted_temple

Skill      XL: |  1  2  3  4  5  6  7 |
---------------+----------------------+-----
Fighting       | 1 2 3 4 |  4.2
Earth Magic    | 4 5 6 |  6.0
Spellcasting   | 3 4 |  4.0
Armour         | 1 |  1.8
Conjurations   | 1 2 |  2.6
Dodging        | 2 |  2.7
Staves         | 1 2 |  2.1
Maces & Flails | |  0.5
Stealth        | |  2.1
Transmutations | |  0.7

Action                   |  1- 3 |  4- 6 |  7- 9 || total
-------------------------+-------+-------+-------++-------
Melee: Unarmed           |    11 |       |       ||    11
       Whip              |    11 |    20 |       ||    31
       Hand axe          |     1 |       |       ||     1
       Quarterstaff      |       |    31 |    54 ||    85
 Cast: Sandblast         |    46 |    37 |     5 ||    88
       Stone Arrow       |       |     3 |    11 ||    14
  Use: Scroll            |       |    11 |     7 ||    18
       Potion            |       |       |     1 ||     1
 Stab: Paralysed         |       |     2 |       ||     2
Armor: Robe              |    16 |    16 |    29 ||    61
Dodge: Dodged            |    22 |    41 |    48 ||   111

Table legend: (Time is in decaauts)
 A = Elapsed time spent in this place.
 B = Non-inter-level travel time spent in this place.
 C = Inter-level travel time spent in this place.
 D = Time resting spent in this place.
 E = Time spent auto-exploring this place.
 F = Levels seen in this place.
 G = Mean time per level.
                   A        B        C        D        E       F      G
               +--------+--------+--------+--------+--------+-----+--------+
         Total |   5226 |   5008 |    218 |    866 |   3113 |   6 |  871.0 |
       Dungeon |   5170 |   4952 |    218 |    866 |   3113 |   5 | 1034.0 |
        Temple |     55 |     55 |      0 |      0 |      0 |   1 |   55.0 |
               +--------+--------+--------+--------+--------+-----+--------+

Top non-repeatable levels by time:
     D:3: 1366 daAuts
     D:1: 1134 daAuts
     D:4: 1111 daAuts
     D:5: 853 daAuts
     D:2: 703 daAuts
  Temple: 55 daAuts
